 Dungeon Crawl Stone Soup version 0.31-a0-523-g071a6c1ffa (webtiles) character file.

Game seed: 7053020880052817463

15715 kae the Warrior (level 12, -1/181 HPs)
             Began as a Grey Draconian Shapeshifter on Aug 11, 2023.
             Was an Elder of Ru.
             Killed from afar by an electric eel (15 damage)
             ... with a bolt of electricity
             ... on level 11 of the Dungeon.
             The game lasted 00:17:22 (9595 turns).

kae the Warrior (Grey Draconian Shapeshifter)       Turns: 9595, Time: 00:17:22

Health: -1/181     AC: 17    Str: 18    XL:     12   Next: 3%
Magic:  12/12      EV: 12    Int:  9    God:    Ru [****..]
Gold:   1698       SH:  0    Dex: 16    Spells: 11/11 levels left

rFire   . .          .
                       - Unarmed
rCold   . . .        (no shield)
rNeg    . . .        (body armour unavailable)
rPois   .            (helmet restricted)
rElec   .            (no cloak)
rCorr   .            (no gloves)
SInv    .            (no boots)
Will    .....        g - amulet of regeneration Stlth
                     O - +4 ring of protection
HPRegen 1.30/turn    Y - +4 ring of slaying
MPRegen 0.13/turn

%: no passive effects
@: berserking (expiring), maw-form, slowed, studying Unarmed Combat, unable to
read
A: devouring maw, AC +13, amphibious, unfitting armour, cold-blooded, inability
to read after injury 2, inability to use devices, hated by all
a: Begin Untransformation, Renounce Religion, Draw Out Power, Power Leap


You were on level 11 of the Dungeon.
You worshipped Ru.
Ru was greatly pleased with you.
You were a creature with a mouth for a stomach.
You visited 2 branches of the dungeon, and saw 12 of its levels.
You also visited: Sewer and Bailey.

You collected 1698 gold pieces.


Innate Abilities, Weirdness & Mutations

You are a creature with a mouth for a stomach.
Your midsection houses a second, enormous mouth.
Your dull iron-grey scales are very hard. (AC +13)
You are amphibious.
You cannot fit into any form of body armour.
You are cold-blooded and may be slowed by cold attacks.
You sometimes lose the ability to read scrolls when taking damage.
You cannot study or use magical devices.
You are hated by all.


   Skills:
 + Level 15.3 Fighting
 - Level 1.7 Dodging
 - Level 10.0 Unarmed Combat
 - Level 10.0 Shapeshifting


You had 11 spell levels left.
You didn't know any spells.
Your spell library contained the following spells:

 Spells                   Type           Power      Damage    Failure   Level
 Kiss of Death            Conj/Necr      0%         2d5       38%         1
 Slow                     Hex            0%         N/A       38%         1
 Cigotuvi's Dreadful Rot  Necr/Pois/Air  0%         N/A       52%         2
 Lesser Beckoning         Tloc           0%         N/A       52%         2
 Confusing Touch          Hex            0%         N/A       77%         3
 Frozen Ramparts          Ice            0%         1d1       77%         3
 Gell's Gravitas          Tloc           0%         N/A       77%         3
 Teleport Other           Tloc           0%         N/A       77%         3
 Vampiric Draining        Necr           0%         2d6       77%         3
 Dispel Undead            Necr           0%         3d6       99%         4
 Olgreb's Toxic Radiance  Pois           0%         N/A       99%         4
 Petrify                  Tmut/Erth      0%         N/A       99%         4
 Metabolic Englaciation   Hex/Ice        0%         N/A       100%        5
 Discord                  Hex            0%         N/A       100%        8
 Ignition                 Fire           0%         3d3       100%        8
 Summon Ice Beast         Ice/Summ       Unusable   N/A       N/A         4
 Summon Mana Viper        Hex/Summ       Unusable   N/A       N/A         5
 Death Channel            Necr           Unusable   N/A       N/A         6
 Monstrous Menagerie      Summ           Unusable   N/A       N/A         7

Inventory:

Missiles
 f - a javelin
 r - 107 stones
 s - 55 poisoned darts
 x - 4 boomerangs
 y - 2 curare-tipped darts {=f}
 J - a throwing net {=f!f}
Magical Staves
 q - a staff of conjuration {!a}
   (You found it on level 3 of the Dungeon)
Jewellery
 g - an amulet of regeneration (around neck)
   (You found it on level 3 of the Dungeon)
 G - an amulet of guardian spirit
   (You found it on level 8 of the Dungeon)
 I - a +6 ring of intelligence
   (You found it on level 10 of the Dungeon)
 O - a +4 ring of protection (left hand)
   (You found it on level 1 of the Dungeon)
 W - a ring of magical power
   (You found it on level 4 of the Dungeon)
 Y - a +4 ring of slaying (right hand)
   (You found it on level 9 of the Dungeon)
 Z - a ring of wizardry
   (You found it on level 10 of the Dungeon)
Talismans
 b - a beast talisman
 c - a flux talisman
 A - a maw talisman (active)
   (You found it on level 6 of the Dungeon)
Wands
 t - a wand of digging (3)
   (You found it on level 4 of the Dungeon)
 C - a wand of roots (19)
   (You found it on level 7 of the Dungeon)
 F - a wand of charming (9)
   (You found it on level 8 of the Dungeon)
 H - a wand of polymorph (13)
   (You found it on level 10 of the Dungeon)
Scrolls
 e - 3 scrolls of immolation {!r!r}
 l - 2 scrolls of fog
 m - 3 scrolls of vulnerability {!r!r}
 p - 2 scrolls of enchant weapon
 E - 2 scrolls of teleportation {@r4}
 L - a scroll of torment {unknown}
Potions
 a - a potion of lignification {!q}
 d - 10 potions of curing {unknown}
 h - a potion of haste {@q3}
 i - 2 potions of enlightenment
 j - 3 potions of attraction {!q}
 k - 3 potions of mutation {!q}
 n - a potion of magic
 o - 3 potions of heal wounds {@q2}
 u - a potion of cancellation {unknown}
 v - 2 potions of brilliance
 w - 3 potions of invisibility {unknown}
 z - 3 potions of might {unknown}
 B - a potion of ambrosia
 D - a potion of resistance

Dungeon Overview and Level Annotations

Branches:
Dungeon (11/15) Zot: 26383  Temple (1/1) D:7 Zot: 5979    Lair (0/5) D:9
    Orc (0/2) D:11          Sewer (visited)          Bailey (visited)

Altars:
Ashenzari
Cheibriados
Dithmenos
Elyvilon
Gozag
Kikubaaqudgha
Makhleb
Nemelex Xobeh
Okawaru
Qazlal
Ru
Sif Muna
Trog
Uskayaw
Vehumet
Wu Jian
Xom
Zin
The Shining One

Shops:
D:8 (

Annotations:
D:7 2 transporters, Grum; Samael12321's ghost, novice OpEE

#...#........##.#####.~≈~..~
#.>..............≈≈≈≈≈~~~~≈≈
#~~##~~.###.....~≈≈≈≈≈~~.~~#
≈≈≈≈≈≈≈≈~≈≈≈~~~≈≈~≈≈≈≈~≈....#
≈≈≈≈≈≈≈~≈≈≈≈≈~≈≈≈≈≈≈≈≈≈......
≈~~≈~≈≈≈≈≈≈≈≈≈≈≈≈≈~~~≈~......
#
~..~~~≈≈≈≈≈≈≈≈≈)##....###...
#.$..≈..~≈≈≈W≈≈~~.......#
#...
W..###..#≈~##WS.........#
#... ..@#
###...).W......##### #...
.WW## #.####h......# #...
......##.........#### #...
._.....$.........# ###...
.................# .......
...######........# #.###...
...# #......### #... ...
#......# #...


You could see 2 wraiths, a howler monkey and an electric eel.


Message History

The gargoyle misses you. The gargoyle hits you with a +0 mace!
* * * LOW HITPOINT WARNING * * *
You focus your inner power and blind the gargoyle in retribution! 😨 HP[-17]
You now have 101 max hp (-2).
You take 17 damage, and now have 32/101 hp.
You hit the gargoyle but do no damage.
You punch the gargoyle, but do no damage.
You bite the gargoyle.
You redirect the gargoyle's attack!
The gargoyle barely misses you.
The gargoyle begins to attack, but is stunned by your conviction!
The wraith hits you!
* * * LOW HITPOINT WARNING * * *
The wraith drains your vigour!
You feel yourself slow down. 😨 HP[-6]
You take 6 damage, and now have 26/101 hp.
You cannot read scrolls in your current state!
Unknown command.
You cannot read scrolls in your current state!
Unknown command.
Okay, then.
A red film seems to cover your vision as you go berserk!
You feel yourself moving faster!
You feel mighty! The wraith hits you.
* * * LOW HITPOINT WARNING * * *
The wraith drains your vigour!
You feel as though you will be slow longer.
You redirect the gargoyle's attack!
The gargoyle hits you with a +3 mace of protection!
* * * LOW HITPOINT WARNING * * *
The gargoyle misses you.
The electric eel shoots out a bolt of lightning at you!
The bolt of electricity hits the gargoyle.
The gargoyle completely resists.
The bolt of electricity hits you.
* * * LOW HITPOINT WARNING * * *
The bolt of electricity hits you!
* * * LOW HITPOINT WARNING * * *
The bolt of electricity hits the gargoyle.
The gargoyle resists.
You hear a howl! 😱 HP[-8]
You now have 151 max hp (+50).
You pummel the gargoyle!!
You destroy the gargoyle!
The wraith barely misses you.
The gargoyle hits you but does no damage. 😱 HP[+1]
You now have 154 max hp (+3).
Unknown command.
You punch the gargoyle! Josephine closely misses you.
The wraith barely misses you.
The gargoyle closely misses you. 😱 HP[+1]
You punch Josephine! You tail-slap Josephine! Josephine closely misses you.
The wraith barely misses you.
The gargoyle hits you with a +3 mace of protection.
* * * LOW HITPOINT WARNING * * *
You redirect the electric eel's attack! 😱 HP[-1]
You take 1 damage, and now have 19/154 hp.
Unknown command.
You pummel Josephine!!
A howler monkey comes into view.
Josephine begins to cast a spell, but is stunned by your conviction! 😱 HP[+1]
You pummel Josephine!!
You kill Josephine!
The electric eel shoots out a bolt of lightning at you!
The bolt of electricity misses you. The wraith hits you but does no damage.
The gargoyle hits you with a +3 mace of protection!
* * * LOW HITPOINT WARNING * * *
You focus your inner power and illuminate the gargoyle in retribution!
The howler monkey begins to attack, but is stunned by your conviction!
Your Fighting skill increases to level 15!
You have reached level 12!
You feel stronger.
Your scales feel tougher. 😱 HP[-4] MP[+1]
You now have 178 max hp (+24).
Your mp is fully restored (12).
You punch the gargoyle!
You destroy the gargoyle!
You hear a splash.
The electric eel shoots out a bolt of lightning at you!
The bolt of electricity hits you.
* * * LOW HITPOINT WARNING * * *
The wraith hits you.
* * * LOW HITPOINT WARNING * * *
Your life force feels restored. 😱 HP[-4]
You now have 181 max hp (+3).
You take 4 damage, and now have 12/181 hp.
The wraith attacks as you move away! The wraith hits you but does no damage.
You enter the deep water.
You feel less exhausted. The wraith hits you but does no damage.
You see here a +3 mace of protection. 😱 HP[+1]
You hit the wraith. You bite the wraith.
The electric eel shoots out a bolt of lightning at you!
The bolt of electricity hits you!
You die...

Skill      XL: |  1  2  3  4  5  6  7  8  9 10 11 |
---------------+----------------------------------+-----
Shapeshifting  | 4 5 7 8 10 | 10.0
Unarmed Combat | 4 5 6 7 10 | 10.0
Fighting       | 4 11 15 | 15.3
Dodging        | |  1.7

Action                     |  1- 3 |  4- 6 |  7- 9 | 10-12 || total
---------------------------+-------+-------+-------+-------++-------
  Melee: Unarmed           |    91 |   180 |   380 |   379 ||  1030
         Tailslap          |     9 |    25 |    59 |    77 ||   170
         Punch             |     2 |     2 |     6 |    37 ||    47
         Maw               |       |       |    36 |   105 ||   141
 Invoke: Sacrifice Artific |       |       |     1 |       ||     1
         Sacrifice Love    |       |       |     1 |       ||     1
         Sacrifice Words   |       |       |       |     1 ||     1
         Draw Out Power    |       |       |       |     1 ||     1
    Use: Scroll            |     4 |     2 |    10 |     6 ||    22
         Potion            |       |     1 |     2 |     1 ||     4
   Stab: Sleeping          |     1 |     2 |     1 |     1 ||     5
         Distracted        |       |       |       |     1 ||     1
 Armour: Skin              |    26 |    53 |   209 |    73 ||   361
  Dodge: Dodged            |    73 |   107 |   199 |   140 ||   519
   Form: Flux              |       |     1 |       |       ||     1
         Maw               |       |       |     1 |       ||     1

Levels and vault maps discovered:
D:1:      saegor_arrival_miasma, layout_loops_ring
D:2:      layout_basic, uniq_terence
D:3:      layout_rooms, roderic_roman_lattice, minmay_misc_feat_ornament,
          kennysheep_cluttered_room, nicolae_goblin_pals
D:4:      layout_gridville, serial_rivers, chequers_serial_rivers_room_a,
          chequers_serial_rivers_micro_a, chequers_serial_rivers_large_a,
          chequers_serial_rivers_small_3
D:5:      layout_loops_ring, grunt_ministairs_5
D:6:      layout_gridville, mainiacjoe_overflow_boulevard, portal_sewer_entry_d,
          kennysheep_minor_cross, minmay_microvault
D:7:      layout_loops_cross, mainiacjoe_overflow_concentric_impassable,
          minmay_temple_entry_antechambers, gammafunk_ghost_gnarly_gnolls,
          nicolae_elevator_lobby_asterisk
D:8:      layout_loops_ring, st_stairs_11, nicolae_shop_firing_range
D:9:      layout_long_grid, dpeg_oklobed_lair, enter_bailey_6,
          minmay_misc_feat_encased, uniq_pikel
D:10:     layout_layer_cave
D:11:     layout_basic, orc_0_dummy, nicolae_qazlal_style_of_elements,
          uniq_josephine
Temple:   nicolae_temple_slightly_damp_pantheon

Notes
Turn   | Place    | Note
-------+----------+-------------------------------------------
     0 | D:1      | kae the Draconian Shapeshifter began the quest for the Orb.
     0 | D:1      | Reached XP level 1. HP: 16/16 MP: 1/1
     0 | D:1      | magus.rc [v1.11.3]
   170 | D:1      | Reached XP level 2. HP: 23/23 MP: 2/2
   434 | D:1      | Reached XP level 3. HP: 23/28 MP: 3/3
   706 | D:2      | Noticed Terence
   715 | D:2      | Killed Terence
   729 | D:2      | Reached skill level 4 in Shapeshifting
   798 | D:2      | Reached XP level 4. HP: 33/35 MP: 4/4
   833 | D:2      | You pick up a book of Debilitation and begin reading...
   833 | D:2      | You add the spells Slow, Vampiric Draining and Confusing
                  | Touch to your library.
   985 | D:2      | You pick up a book of Beasts and begin reading...
   985 | D:2      | You add the spells Summon Ice Beast, Summon Mana Viper and
                  | Monstrous Menagerie to your library.
  1004 | D:2      | You pick up a book of Displacement and begin reading...
  1004 | D:2      | You add the spells Lesser Beckoning, Gell's Gravitas and
                  | Teleport Other to your library.
  1521 | D:3      | Reached skill level 4 in Unarmed Combat
  1658 | D:3      | Reached XP level 5. HP: 31/40 MP: 5/5
  1757 | D:3      | Noticed Robin
  1768 | D:3      | Killed Robin
  1771 | D:3      | Noticed Ijyb
  1789 | D:3      | Killed Ijyb
  2406 | D:4      | Reached skill level 5 in Shapeshifting
  2435 | D:4      | You pick up a book of Touch and begin reading...
  2435 | D:4      | You add the spells Kiss of Death and Dispel Undead to your
                  | library.
  2488 | D:4      | You fall into a shaft and drop 3 floors!
  2501 | D:7      | Reached XP level 6. HP: 40/47 MP: 6/6
  2513 | D:7      | Reached skill level 5 in Unarmed Combat
  2521 | D:7      | Your scales start taking on a dull iron-grey colour.
  2521 | D:7      | Reached XP level 7. HP: 39/52 MP: 7/7
  2527 | D:7      | Reached skill level 6 in Shapeshifting
  2594 | D:7      | Found a staircase to the Ecumenical Temple.
  2645 | Temple   | Entered the Ecumenical Temple
  2655 | Temple   | Became a worshipper of Ru the Awakened
  2710 | D:6      | magus.rc [v1.11.3]
  2731 | D:6      | Found a glowing drain.
  2740 | Sewer    | Entered a sewer
  3142 | D:6      | Reached skill level 6 in Unarmed Combat
  3243 | D:6      | Found an ornate altar of the Wu Jian Council.
  3248 | D:6      | Reached skill level 7 in Shapeshifting
  3273 | D:6      | Reached XP level 8. HP: 58/59 MP: 8/8
  3620 | D:6      | Gained mutation: You cannot study or use magical devices.
                  | [Ru sacrifice]
  3620 | D:6      | Reached * piety under Ru
  3620 | D:6      | Reached ** piety under Ru
  3640 | D:5      | Entered Level 5 of the Dungeon
  3843 | D:5      | Identified the +0 cloak "Souvyeme" {+Blink Fly Will- MP-9}
  4037 | D:5      | Reached skill level 8 in Shapeshifting
  4309 | D:5      | Reached skill level 7 in Unarmed Combat
  5226 | D:7      | Identified the +4 spear of Conflict {pain, rCorr}
  5226 | D:7      | Identified the +1 ring mail "Mugo" {rPois Regen+}
  5253 | D:7      | Found a transporter.
  5261 | D:7      | Identified the amulet "Agot" {Reflect +Blink SH+5}
  5265 | D:7      | Found a transporter.
  5265 | D:7      | Noticed Samael12321's ghost (novice OpEE)
  5331 | D:7      | Noticed Grum
  5419 | D:7      | Found a shimmering blue altar of Sif Muna.
  5696 | D:8      | Identified a scroll of acquirement
  5696 | D:8      | Acquired a manual of Unarmed Combat
  5727 | D:8      | Reached XP level 9. HP: 62/64 MP: 9/9
  6018 | D:8      | Reached skill level 8 in Unarmed Combat
  6048 | D:8      | Reached skill level 9 in Shapeshifting
  6090 | D:8      | Reached skill level 9 in Unarmed Combat
  6102 | D:8      | Gained mutation: You are hated by all. [Ru sacrifice]
  6102 | D:8      | Reached *** piety under Ru
  6341 | D:8      | Found Munevut's Firing Range.
  6484 | D:9      | Noticed a two-headed ogre
  6500 | D:9      | HP: 16/64 [two-headed ogre/+0 dire flail (27)]
  6502 | D:9      | Killed a two-headed ogre
  6503 | D:9      | Reached skill level 10 in Unarmed Combat
  6503 | D:9      | Reached skill level 10 in Shapeshifting
  6503 | D:9      | Reached skill level 4 in Fighting
  6504 | D:9      | Reached XP level 10. HP: 43/80 MP: 10/10
  6552 | D:9      | Found a flagged portal.
  6561 | Bailey   | Entered a bailey
  6585 | Bailey   | Reached skill level 5 in Fighting
  6732 | Bailey   | Reached skill level 6 in Fighting
  6846 | Bailey   | Reached skill level 7 in Fighting
  7025 | Bailey   | Found an iron altar of Okawaru.
  7025 | Bailey   | Noticed an orc high priest
  7032 | Bailey   | Noticed a rust devil
  7032 | Bailey   | Noticed a soul eater
  7083 | Bailey   | Reached skill level 8 in Fighting
  7111 | Bailey   | Killed an orc high priest
  7112 | Bailey   | Reached skill level 9 in Fighting
  7189 | Bailey   | Acquired 957 gold pieces
  7362 | D:9      | You add the spells Olgreb's Toxic Radiance, Ignition and
                  | Discord to your library.
  7373 | D:9      | Found a staircase to the Lair.
  7474 | D:9      | You pick up a book of Sloth and begin reading...
  7474 | D:9      | You add the spells Frozen Ramparts, Petrify and Metabolic
                  | Englaciation to your library.
  7500 | D:9      | Noticed Pikel
  7507 | D:9      | Killed Pikel
  7508 | D:9      | Reached skill level 10 in Fighting
  7842 | D:10     | Entered Level 10 of the Dungeon
  7908 | D:10     | Gained mutation: You occasionally lose the ability to read
                  | scrolls when taking damage. [Ru sacrifice]
  7908 | D:10     | Gained mutation: You sometimes lose the ability to read
                  | scrolls when taking damage. [Ru sacrifice]
  7908 | D:10     | Reached **** piety under Ru
  7910 | D:10     | Reached skill level 11 in Fighting
  7910 | D:10     | Reached XP level 11. HP: 100/102 MP: 11/11
  7962 | D:10     | magus.rc [v1.11.3]
  8466 | D:10     | You pick up a book of Decay and begin reading...
  8602 | D:10     | Reached skill level 12 in Fighting
  9057 | D:11     | Found a staircase to the Orcish Mines.
  9072 | D:11     | Noticed a boulder beetle
  9150 | D:11     | Killed a boulder beetle
  9158 | D:11     | Reached skill level 13 in Fighting
  9349 | D:11     | Noticed a skeletal warrior
  9350 | D:11     | Noticed a skeletal warrior
  9351 | D:11     | Noticed a skeletal warrior
  9351 | D:11     | Noticed a skeletal warrior
  9353 | D:11     | Noticed a skeletal warrior
  9412 | D:11     | Killed a skeletal warrior
  9501 | D:11     | Killed a skeletal warrior
  9512 | D:11     | Killed a skeletal warrior
  9513 | D:11     | Reached skill level 14 in Fighting
  9516 | D:11     | Killed a skeletal warrior
  9523 | D:11     | Killed a skeletal warrior
  9550 | D:11     | Found a stormy altar of Qazlal.
  9551 | D:11     | Noticed Josephine
  9587 | D:11     | HP: 29/151 [gargoyle/+3 mace of protection (10)]
  9592 | D:11     | Killed Josephine
  9592 | D:11     | HP: 14/154 [gargoyle/+3 mace of protection (7)]
  9593 | D:11     | Reached skill level 15 in Fighting
  9593 | D:11     | Reached XP level 12. HP: 16/119 MP: 12/12
  9595 | D:11     | Killed from afar by an electric eel

Vanquished Creatures
  Josephine (D:11)
  A boulder beetle (D:11)
  A two-headed ogre (D:9)
  5 skeletal warriors (D:11)
  An orc high priest (Bailey)
  Pikel (D:9)
  A cyclops (D:11)
  2 gargoyles (D:11)
  A kobold demonologist (Bailey)
  3 komodo dragons
  3 wraiths (D:11)
  A water elemental (D:11)
  21 yaks
  A steam dragon (D:8)
  A water moccasin (D:9)
  12 orc warriors (Bailey)
  A black bear (D:8)
  A centaur (D:8)
  4 bullfrogs
  5 kobold brigands
  A scorpion (D:5)
  10 wights
  4 killer bees (D:10)
  9 electric eels
  9 howler monkeys
  6 hounds
  3 jellies
  3 sleepcaps
  2 orc priests
  2 gnoll boudas
  3 iguanas
  Ijyb (D:3)
  Terence (D:2)
  8 orc wizards
  17 gnolls
  Robin (D:3)
  8 adders
  3 ufetubi
  A worm (D:4)
  7 dart slugs
  33 orcs
  10 endoplasms
  5 giant cockroaches
  26 goblins
  7 hobgoblins
  3 jackals (D:1)
  32 kobolds
  4 quokkas
  3 training dummies (D:8)
  5 ball pythons
  10 bats
  5 frilled lizards
  7 rats
316 creatures vanquished.

Vanquished Creatures (others)
  A kobold (D:8)
1 creature vanquished.

Grand Total: 317 creatures vanquished

Table legend:
 A = Non-vault XP
 B = Vault XP
 C = Vault XP percentage of total XP
 D = Non-vault monster count
 E = Vault monster count
 F = Vault count percentage of total count
                 A         B        C        D         E       F
            +---------+---------+-------+---------+---------+-------
      Total |   16734 |    5716 |  25.5 |     233 |      83 |  26.3
            +---------+---------+-------+---------+---------+-------
        D:1 |      47 |       0 |   0.0 |      27 |       0 |   0.0
        D:2 |      64 |      36 |  36.0 |      27 |       1 |   3.6
        D:3 |     102 |      61 |  37.4 |      14 |       8 |  36.4
        D:4 |     170 |       0 |   0.0 |      24 |       0 |   0.0
        D:5 |     524 |      82 |  13.5 |      21 |       2 |   8.7
        D:6 |     474 |      50 |   9.5 |      18 |       2 |  10.0
        D:7 |     749 |       0 |   0.0 |      12 |       0 |   0.0
        D:8 |    1841 |     209 |  10.2 |      23 |       7 |  23.3
        D:9 |    1884 |     607 |  24.4 |      19 |       1 |   5.0
       D:10 |    3612 |       0 |   0.0 |      32 |       0 |   0.0
       D:11 |    7267 |    1329 |  15.5 |      16 |       3 |  15.8
      Sewer |       0 |     219 | 100.0 |       0 |      20 | 100.0
     Bailey |       0 |    3123 | 100.0 |       0 |      39 | 100.0
            +---------+---------+-------+---------+---------+-------

Skill      XL: |  1  2  3  4  5  6  7  8  9 10 11 |
---------------+----------------------------------+-----
Shapeshifting  | 4 5 7 8 10 | 10.0
Unarmed Combat | 4 5 6 7 10 | 10.0
Fighting       | 4 11 15 | 15.3
Dodging        | |  1.7

Action                     |  1- 3 |  4- 6 |  7- 9 | 10-12 || total
---------------------------+-------+-------+-------+-------++-------
  Melee: Unarmed           |    91 |   180 |   380 |   379 ||  1030
         Tailslap          |     9 |    25 |    59 |    77 ||   170
         Punch             |     2 |     2 |     6 |    37 ||    47
         Maw               |       |       |    36 |   105 ||   141
 Invoke: Sacrifice Artific |       |       |     1 |       ||     1
         Sacrifice Love    |       |       |     1 |       ||     1
         Sacrifice Words   |       |       |       |     1 ||     1
         Draw Out Power    |       |       |       |     1 ||     1
    Use: Scroll            |     4 |     2 |    10 |     6 ||    22
         Potion            |       |     1 |     2 |     1 ||     4
   Stab: Sleeping          |     1 |     2 |     1 |     1 ||     5
         Distracted        |       |       |       |     1 ||     1
 Armour: Skin              |    26 |    53 |   209 |    73 ||   361
  Dodge: Dodged            |    73 |   107 |   199 |   140 ||   519
   Form: Flux              |       |     1 |       |       ||     1
         Maw               |       |       |     1 |       ||     1

Illustrated notes

Table legend:
 A = Kills in this place as a percentage of kills in the entire game.
 B = Kills by you in this place as a percentage of kills by you in the entire game.
 C = Kills by friends in this place as a percentage of kills by friends in the entire game.
 D = Other kills in this place as a percentage of other kills in the entire game.
 E = Experience gained in this place as a percentage of experience gained in the entire game.
 F = Experience gained in this place divided by the number of levels of this place that you have seen.
                   A       B       C       D       E      F
               +-------+-------+-------+-------+-------+----------------------
         Total | 100.0 | 100.0 |   N/A |   N/A | 100.0 | 1603.6
       Dungeon |  81.3 |  81.3 |   N/A |   N/A |  85.1 | 1737.1
         Sewer |   6.3 |   6.3 |   N/A |   N/A |   1.0 | 219.0
        Bailey |  12.3 |  12.3 |   N/A |   N/A |  13.9 | 3123.0
               +-------+-------+-------+-------+-------+----------------------

Table legend: (Time is in decaauts)
 A = Elapsed time spent in this place.
 B = Non-inter-level travel time spent in this place.
 C = Inter-level travel time spent in this place.
 D = Time resting spent in this place.
 E = Time spent auto-exploring this place.
 F = Levels seen in this place.
 G = Mean time per level.
                   A        B        C        D        E       F      G
               +--------+--------+--------+--------+--------+-----+--------+
         Total |   9464 |   8904 |    560 |    381 |   6327 |  14 |  676.0 |
       Dungeon |   8558 |   8008 |    550 |    348 |   5967 |  11 |  778.0 |
        Temple |     20 |     11 |      9 |      0 |      0 |   1 |   20.0 |
         Sewer |    276 |    276 |      0 |      0 |    167 |   1 |  276.0 |
        Bailey |    608 |    608 |      0 |     33 |    193 |   1 |  608.0 |
               +--------+--------+--------+--------+--------+-----+--------+

Top non-repeatable levels by time:
    D:10: 1182 daAuts
     D:5: 963 daAuts
     D:2: 834 daAuts
     D:3: 770 daAuts
     D:9: 739 daAuts
     D:8: 734 daAuts
     D:1: 727 daAuts
     D:7: 710 daAuts
     D:6: 708 daAuts
     D:4: 652 daAuts
  Bailey: 608 daAuts
    D:11: 534 daAuts
   Sewer: 276 daAuts
  Temple: 20 daAuts
